 Dungeon Crawl Stone Soup version 0.24-a0-462-ge24419a6ad (console) character file.

Game seed: 12592059965228889275

70 Lexodia the Insei (level 4, 0/35 HPs)
             Began as a Demonspawn Monk on July 1, 2019.
             Succumbed to Ijyb's poison
             ... while paralysed by Ijyb
             ... on level 3 of the Dungeon.
             The game lasted 00:06:13 (1383 turns).

Lexodia the Insei (Demonspawn Monk)                 Turns: 1383, Time: 00:06:15

Health: 0/35       AC: 12    Str: 11    XL:     4   Next: 3%
Magic:  4/4        EV:  2    Int: 11    God:
Gold:   87         SH:  0    Dex: 22    Spells: 3/3 levels left

rFire    + . .     SeeInvis .     - Unarmed
rCold    . . .     Gourm    .   (no shield)
rNeg     + . .     Faith    .   a - +0 robe
rPois    .         Spirit   .   (no helmet)
rElec    .         Reflect  .   (no cloak)
rCorr    .         Harm     .   g - +0 pair of gloves
MR       .....                  (no boots)
Stlth    +++.......             m - amulet of regeneration
HPRegen  0.51/turn              f - ring of positive energy
MPRegen  0.09/turn              (no ring)

@: paralysed, agile, lethally poisoned (0 -> -31), sanguine armour, flying,
hasted
A: fire resistance 1, sanguine armour 2
a: no special abilities


You were on level 3 of the Dungeon.
You were not hungry.

You visited 1 branch of the dungeon, and saw 4 of its levels.

You collected 87 gold pieces.

Inventory:

Armour
 a - a +0 robe (worn)
 g - a +0 pair of gloves (worn)
Jewellery
 f - a ring of positive energy (left hand)
 m - an amulet of regeneration (around neck)
Scrolls
 c - a scroll of teleportation {unknown}
 i - a scroll of magic mapping {unknown}
 j - a scroll of enchant armour {unknown}
 l - 2 scrolls of identify {unknown}
 o - a scroll of fear {unknown}
 p - a scroll of fog {unknown}
Potions
 d - 2 potions of haste
 n - a potion of heal wounds {unknown}
Comestibles
 b - 2 rations
 k - 5 chunks of flesh


   Skills:
 - Level 3.0 Fighting
 - Level 3.0 Dodging
 - Level 2.0 Stealth
 + Level 4.2 Unarmed Combat


You had 3 spell levels left.
You didn't know any spells.
Your spell library was empty.

Dungeon Overview and Level Annotations

Branches:
Dungeon (4/15)
 Temple: D:4-7

Altars:
Fedhas

Annotations:
D:3 Ijyb


Innate Abilities, Weirdness & Mutations

Your flesh is heat resistant. (rF+)
When seriously injured, your bleeding wounds create thick armour. (AC +9)


Message History

It was a potion of haste.
You feel yourself speed up.
* * * LOW HITPOINT WARNING * * *
You feel very sick.
Ijyb hits you with a +2 dagger of venom.
* * * LOW HITPOINT WARNING * * *
You are more poisoned.
Huge Dmg: -20%(-7hp) hp: 18%(6hp) It was a potion of agility.
You feel agile all of a sudden.
* * * LOW HITPOINT WARNING * * *
You feel sick. Ijyb hits you but does no damage.
You are more poisoned.
Damage: -3%(-1hp) hp: 15%(5hp) Unknown command.
It was a potion of flight.
You feel very buoyant.
You fly up into the air.
* * * LOW HITPOINT WARNING * * *
You feel sick.
Ijyb zaps a wand.
You suddenly lose the ability to move!
You die...

......................
.......................
........................
.............#..........
........................
..............##........
........#.###.##........
........#.....##........
................@#......
.............###g#......
#.#..........#<#.#......
#.#............#.# .....
.....#...........# ..###
.....#......#.#... ..
.....#......#.....
.###............... ..
#.......... ..#..


You could see Ijyb.

Vanquished Creatures
  2 adders
  A worm (D:2)
  2 dart slugs
  A leopard gecko (D:1)
  A ball python (D:1)
  11 bats
  2 giant cockroaches
  5 goblins
  5 hobgoblins
  A quokka (D:3)
  A frilled lizard (D:2)
  8 kobolds
  2 rats (D:2)
42 creatures vanquished.

Notes
Turn   | Place    | Note
-------+----------+-------------------------------------------
     0 | D:1      | Lexodia the Demonspawn Monk began the quest for the Orb.
     0 | D:1      | Reached XP level 1. HP: 18/18 MP: 1/1
    36 | D:1      | Huge Dmg: 4 dmg
   103 | D:1      | Gained mutation: When seriously injured, your bleeding
                  | wounds create armour. (AC +9) [demonic ancestry]
   103 | D:1      | Reached XP level 2. HP: 14/24 MP: 2/2
   159 | D:1      | Reached skill level 3 in Unarmed Combat
   820 | D:1      | Gained mutation: When seriously injured, your bleeding
                  | wounds create thick armour. (AC +9) [demonic ancestry]
   820 | D:1      | Reached XP level 3. HP: 21/29 MP: 3/3
   833 | D:1      | Huge Dmg: 5 dmg
  1058 | D:2      | Found a blossoming altar of Fedhas.
  1206 | D:2      | Reached skill level 4 in Unarmed Combat
  1238 | D:2      | Huge Dmg: 9 dmg
  1309 | D:3      | Gained mutation: Your flesh is heat resistant. (rF+)
                  | [demonic ancestry]
  1309 | D:3      | Reached XP level 4. HP: 35/35 MP: 4/4
  1363 | D:3      | Noticed Ijyb
  1371 | D:3      | Paralysed by Ijyb for 3 turns
  1381 | D:3      | Huge Dmg: 7 dmg
  1382 | D:3      | Paralysed by Ijyb for 3 turns
  1383 | D:3      | Succumbed to Ijyb's poison

Levels and vault maps discovered:
D:1:      lightli_arrival_flooded_house, layout_basic, minmay_tromino_v4_a
D:2:      layout_rooms, chequers_temple_overflow_statue_of_worship,
          first_ration, fedhas_ov_isle_minmay
D:3:      layout_basic, old_standard_altar, uniq_ijyb, uniq_crazy_yiuf_cottage
D:4:      layout_loops_corners, overflow_temple_1_default,
          minmay_temple_entry_enclosed_plants

Skill      XL: |  1  2  3 |
---------------+----------+-----
Stealth        | 2 |  2.0
Unarmed Combat | 3 4 |  4.2
Dodging        | 3 |  3.0
Fighting       | |  3.0

Action                   |  1- 3 |  4- 6 || total
-------------------------+-------+-------++-------
Melee: Unarmed           |   162 |    14 ||   176
       Punch             |     2 |       ||     2
  Use: Potion            |       |     3 ||     3
 Stab: Sleeping          |     6 |       ||     6
  Eat: Chunk             |     1 |     1 ||     2
Armor: Robe              |    58 |     2 ||    60
Dodge: Dodged            |   140 |     4 ||   144

Table legend:
 A = Non-vault XP
 B = Vault XP
 C = Vault XP percentage of total XP
 D = Non-vault monster count
 E = Vault monster count
 F = Vault count percentage of total count
                 A         B        C        D         E       F
            +---------+---------+-------+---------+---------+-------
      Total |      96 |       4 |   4.0 |      40 |       2 |   4.8
            +---------+---------+-------+---------+---------+-------
        D:1 |      51 |       4 |   7.3 |      22 |       2 |   8.3
        D:2 |      35 |       0 |   0.0 |      13 |       0 |   0.0
        D:3 |      10 |       0 |   0.0 |       5 |       0 |   0.0
            +---------+---------+-------+---------+---------+-------
